 Dungeon Crawl Stone Soup version 0.26.1-11-gd32895ea62 (webtiles) character file.

Game seed: 6307269178685540774

28 H0rd4k the Insei (level 3, -3/23 HPs)
             Began as an Octopode Transmuter on May 26, 2021.
             Slain by a worm (11 damage)
             ... on level 2 of the Dungeon.
             The game lasted 00:00:56 (809 turns).

H0rd4k the Insei (Octopode Transmuter)               Turns: 809, Time: 00:00:56

Health: -3/23      AC:  1    Str:  9    XL:     3   Next: 12%
Magic:  6/6        EV: 13    Int: 16    God:
Gold:   51         SH:  5    Dex: 12    Spells: 2/6 levels left

rFire    . . .     SeeInvis .     - Unarmed
rCold    . . .     Faith    .   (no shield)
rNeg     . . .     Spirit   .   (helmet restricted)
rPois    .         Reflect  +   c - amulet of reflection
rElec    .         Harm     .   (no ring)
rCorr    .         Rampage  .   (no ring)
Will     .....                  (no ring)
Stlth    ++........             (no ring)
HPRegen  0.07/turn              (no ring)
MPRegen  0.10/turn              (no ring)
                                (no ring)
                                (no ring)

@: no status effects
A: almost no armour, stealthy swim, amphibious, 8 rings, constrict 8, camouflage
1, gelatinous body 1
a: no special abilities


You were on level 2 of the Dungeon.
You visited 1 branch of the dungeon, and saw 2 of its levels.

You collected 51 gold pieces.

Inventory:

Missiles
 a - 14 poisoned darts
Jewellery
 c - an amulet of reflection (around mantle)
Scrolls
 b - a scroll of teleportation {unknown}
 d - a scroll of enchant armour {unknown}
 f - a scroll of random uselessness {unknown}
 g - a scroll of identify {unknown}
Potions
 e - 2 potions of invisibility {unknown}
 h - a potion of flight {unknown}
 i - 2 potions of curing {unknown}


   Skills:
 + Level 1.1 Fighting
 + Level 2.2 Dodging
 - Level 0.4 Stealth
 + Level 3.6 Unarmed Combat
 * Level 2.2 Spellcasting
 * Level 2.1 Transmutations
 * Level 0.2 Poison Magic


You had 2 spell levels left.
You knew the following spells:

 Your Spells              Type           Power        Failure   Level
a - Beastly Appendage     Tmut           16%          9%          1
b - Spider Form           Tmut/Pois      2%           36%         3

Your spell library contained the following spells:

 Spells                   Type           Power        Failure   Level
 Wereblood                Tmut           8%           13%         2
 Ice Form                 Ice/Tmut       5%           78%         4
 Blade Hands              Tmut           4%           93%         5


Dungeon Overview and Level Annotations

Branches:
Dungeon (2/15)

Altars:


Innate Abilities, Weirdness & Mutations

You cannot wear most types of armour.
You are very stealthy in the water. (Stealth+)
You are amphibious.
You can wear up to eight rings at the same time.
You can use your tentacles to constrict eight enemies at once.
Your skin changes colour to match your surroundings (Stealth+).
Your rubbery body absorbs attacks. (AC +1, EV +1)


Message History

A worm is nearby!
You tentacle-slap the worm but do no damage.
The worm is moderately wounded.
You constrict the worm. The worm bites you!
A worm is nearby!
You are too injured to fight recklessly!
You are too injured to fight recklessly!
A worm is nearby!
You are too injured to fight recklessly!
A worm is nearby!
You tentacle-slap the worm.
The worm is heavily wounded.
You constrict the worm. You block the worm's attack.
You barely miss the worm.
The worm is heavily wounded.
You constrict the worm.
You tentacle-slap the worm but do no damage.
The worm is heavily wounded.
You constrict the worm. The worm bites you!
You die...

## ## ## ... .# ##. ...
.###.# #.#
###.#..####### # ..#
#.....#.<...... #.
#.#.####.#.######.
####..##w###............
#.....†@.()....#.######.
......†...##.#.#.#
#.##..##..##.#.#.# #..
#..##.#.#.# #.
#.........# ..
..?.....### .#
###.##...# .# #.# ##.


You could see a worm.

Vanquished Creatures
  4 bats (D:1)
  A giant cockroach (D:1)
  A goblin (D:1)
  3 hobgoblins (D:1)
  6 jackals (D:2)
  4 kobolds
  3 rats (D:1)
22 creatures vanquished.

Notes
Turn   | Place    | Note
-------+----------+-------------------------------------------
     0 | D:1      | H0rd4k the Octopode Transmuter began the quest for the Orb.
     0 | D:1      | Reached XP level 1. HP: 13/13 MP: 3/3
   235 | D:1      | Reached XP level 2. HP: 18/18 MP: 5/5
   720 | D:2      | Reached XP level 3. HP: 15/23 MP: 6/6
   724 | D:2      | Learned a level 3 spell: Spider Form
   809 | D:2      | Slain by a worm

Illustrated notes

Levels and vault maps discovered:
D:1:      dpeg_arrival_three_smaller_balls, layout_basic
D:2:      layout_loops_ring

Action                   || total
-------------------------++-------
Melee: Unarmed           ||    55
       Constrict         ||    11
       Tentacles         ||     6
 Stab: Sleeping          ||     4
Armor: Skin              ||     3
Dodge: Dodged            ||    25
Block: Other             ||     8
